 Dungeon Crawl Stone Soup version 0.32-a0-160-g465344b4ef (webtiles) character file.

Game seed: 8612414144007784280

23 iamserjio the Caller (level 2, 0/20 HPs)
             Began as a Demigod Summoner on Feb 11, 2024.
             Slain by an adder (4 damage)
             ... on level 2 of the Dungeon.
             The game lasted 00:01:42 (176 turns).

iamserjio the Caller (Demigod Summoner)              Turns: 176, Time: 00:01:43

Health: 0/20       AC:  2    Str:  9    XL:     2   Next: 57%
Magic:  3/7        EV: 12    Int: 17    God:
Gold:   0          SH:  0    Dex: 14    Spells: 4/5 levels left

rFire   . . .        d - +0 dagger
rCold   . . .        (no shield)
rNeg    . . .        a - +0 robe
rPois   .            (no helmet)
rElec   .            (no cloak)
rCorr   .            (no gloves)
SInv    .            (no boots)
Will    .....        (no amulet)
Stlth   ++           (no ring)
HPRegen 0.23/turn    (no ring)
MPRegen 0.10/turn

%: no passive effects
@: no status effects
A: high MP 1, forlorn, divine attributes
a: no special abilities


You were on level 2 of the Dungeon.
You visited 1 branch of the dungeon, and saw 2 of its levels.

Inventory:

Hand Weapons
 d - a +0 dagger (weapon)
Armour
 a - a +0 robe (worn)
Scrolls
 c - a scroll of vulnerability {unknown}
 e - a scroll of silence {unknown}


   Skills:
 - Level 1.7 Dodging
 - Level 1.7 Stealth
 + Level 2.2 Spellcasting
 * Level 4.1 Summonings


You had 4 spell levels left.
You knew the following spells:

 Your Spells              Type           Power      Damage    Failure   Level
a - Summon Small Mammal   Summ           64%        N/A       3%          1

Your spell library contained the following spells:

 Spells                   Type           Power      Damage    Failure   Level
 Call Imp                 Summ           32%        N/A       5%          2
 Call Canine Familiar     Summ           16%        N/A       11%         3
 Magic Dart               Conj           4%         1d3       19%         1
 Blink                    Tloc           2%         N/A       28%         2
 Summon Blazeheart Golem  Fire/Summ      8%         N/A       63%         4
 Summon Lightning Spire   Summ/Air       8%         N/A       63%         4


Dungeon Overview and Level Annotations

Branches:
Dungeon (2/15) Zot: 11823


Innate Abilities, Weirdness & Mutations

You have an increased reservoir of magic. (+10% MP)
You shall have no god before yourself.
Your divine heritage dramatically boosts your attributes as you level up.


Message History

You hit the adder but do no damage.
Your quokka barely misses the goblin.
The adder misses you.
The goblin hits your quokka with a +0 club.
Your quokka dies!
Your quokka's corpse disappears in a puff of smoke!
Your rat bites the adder.
Casting: Summon Small Mammal (safe; 3% risk of failure)
The adder bites you.
* * * LOW HITPOINT WARNING * * *
The goblin hits your bat with a +0 club.
Your bat dies!
Your bat's corpse disappears in a puff of smoke!
Your rat misses the adder.
Casting: Summon Small Mammal (safe; 3% risk of failure)
The adder closely misses you.
Your rat bites the adder.
Casting: Summon Small Mammal (safe; 3% risk of failure)
Your rat disappears in a puff of smoke!
Your bat closely misses the goblin.
The adder misses you.
Your bat hits the goblin. Something closely misses your bat.
The adder bites you but does no damage. The goblin closely misses you.
Your bat barely misses the goblin.
You completely miss the adder. Your bat hits the goblin.
Something misses your bat.
Your bat hits the goblin.
The goblin dies!
The adder bites you.
* * * LOW HITPOINT WARNING * * *
You barely miss the adder.
Your bat closely misses the adder.
The adder bites you.
* * * LOW HITPOINT WARNING * * *
You hit the adder.
You kill the adder!
Your bat closely misses the adder. x3; The adder bites you.
* * * LOW HITPOINT WARNING * * *
Your bat barely misses the adder.
Casting: Summon Small Mammal (safe; 3% risk of failure)
Your bat disappears in a puff of smoke!
Your bat closely misses the adder.
The adder bites you.
* * * LOW HITPOINT WARNING * * *
Your bat closely misses the adder.
The adder bites you.
You die...

# #........# #r#
###.####.# #.# #.#
#.# #.# #.####.#
#.# #......# #.#
######## #.# #.#
######### #.#
#b@.b...# #.# #
#S#####†####.#.##..
#§ #............#
........##.....####
......##.###....#
##..#.. #.#
##.#.... #..#. #.#
#.##### #... ..#
#.# ## ### #+#


You could see an adder (ally target) and 2 friendly bats.

Vanquished Creatures
  2 adders (D:2)
  A ball python (D:2)
3 creatures vanquished.

Vanquished Creatures (collateral kills)
  An endoplasm (D:2)
  2 goblins (D:2)
3 creatures vanquished.

Grand Total: 6 creatures vanquished

Notes
Turn   | Place    | Note
-------+----------+-------------------------------------------
     0 | D:1      | iamserjio the Demigod Summoner began the quest for the Orb.
     0 | D:1      | Reached XP level 1. HP: 14/14 MP: 5/5
   142 | D:2      | Reached skill level 4 in Summonings
   142 | D:2      | Reached XP level 2. HP: 14/20 MP: 0/7
   176 | D:2      | Slain by an adder

Illustrated notes

Levels and vault maps discovered:
D:1:      dpeg_arrival_connections, layout_basic,
          shapermc_ecumenical_altar_starsandcircs, dreamdust_wishing_well,
          corexii_leaking_fountain
D:2:      layout_loops_corners

Skill      XL: |  1 |
---------------+----+-----
Spellcasting   | 2 |  2.2
Summonings     | 4 |  4.1
Dodging        | |  1.7
Stealth        | |  1.7

Action                     || total
---------------------------++-------
  Melee: Dagger            ||    23
         Unarmed           ||     2
   Cast: Summon Small Mamm ||    19
    Use: Potion            ||     1
 Armour: Robe              ||    22
  Dodge: Dodged            ||    26

Table legend: (Time is in decaauts)
 A = Elapsed time spent in this place.
 B = Non-inter-level travel time spent in this place.
 C = Inter-level travel time spent in this place.
 D = Time resting spent in this place.
 E = Time spent auto-exploring this place.
 F = Levels seen in this place.
 G = Mean time per level.
                   A        B        C        D        E       F      G
               +--------+--------+--------+--------+--------+-----+--------+
         Total |    175 |    175 |      0 |      0 |      0 |   2 |   87.5 |
       Dungeon |    175 |    175 |      0 |      0 |      0 |   2 |   87.5 |
               +--------+--------+--------+--------+--------+-----+--------+

Top non-repeatable levels by time:
     D:2: 155 daAuts
     D:1: 20 daAuts
